 Dungeon Crawl Stone Soup version 0.26-a0-257-g47e9e61525 (webtiles) character file.

Game seed: 11218152905699347622

1920 Infinimo the Nimble (level 8, -1/43 HPs)
             Began as a Spriggan Gladiator on July 10, 2020.
             Was a Follower of Dithmenos.
             Shot with a sling bullet by Joseph (9 damage)
             ... on level 7 of the Dungeon.
             The game lasted 00:17:30 (8626 turns).

Infinimo the Nimble (Spriggan Gladiator)            Turns: 8626, Time: 00:17:31

Health: -1/43      AC:  2    Str: 10    XL:     8   Next: 95%
Magic:  9/9        EV: 41    Int:  9    God:    Dithmenos [*.....]
Gold:   179        SH:  0    Dex: 20    Spells: 7/7 levels left

rFire    . . .     SeeInvis +   g - +2 spear (venom)
rCold    . . .     Faith    .   (shield restricted)
rNeg     . . .     Spirit   .   b - +0 robe
rPois    .         Reflect  .   c - +0 hat
rElec    .         Harm     .   (no cloak)
rCorr    .                      (gloves unavailable)
MR       .....                  (boots unavailable)
Stlth    ++++++....             l - amulet of the acrobat
HPRegen  0.14/turn              k - ring of stealth
MPRegen  0.11/turn              (no ring)

@: vulnerable, acrobat, wreathed by umbra, very quick
A: very small, unfitting armour, see invisible, herbivore, speed 3, slow
metabolism 2
a: Renounce Religion


You were on level 7 of the Dungeon.
You worshipped Dithmenos.
Dithmenos was aware of your devotion.
You were not hungry.

You visited 2 branches of the dungeon, and saw 8 of its levels.

You collected 179 gold pieces.

Inventory:

Hand Weapons
 a - a +1 rapier
 g - a +2 spear of venom (weapon)
Missiles
 d - 2 throwing nets
 e - 12 poisoned darts (quivered)
Armour
 b - a +0 robe (worn)
 c - a +0 hat (worn)
 m - a +0 cloak
Jewellery
 k - a ring of stealth (left hand)
 l - an amulet of the acrobat (around neck)
 u - an uncursed amulet of regeneration
Wands
 p - a wand of clouds (1)
Scrolls
 n - 2 scrolls of remove curse
 o - 4 scrolls of identify
Potions
 h - a potion of cancellation
 i - 2 potions of curing {unknown}
 j - a potion of haste {unknown}
 q - a potion of degeneration {unknown}
 r - a potion of magic {unknown}
 s - a potion of berserk rage {unknown}
 t - 2 potions of lignification {unknown}
 v - a potion of flight {unknown}
 x - 2 potions of brilliance {unknown}
Comestibles
 f - 26 rations


   Skills:
 + Level 5.0 Fighting
 + Level 7.1 Short Blades
 - Level 2.0 Throwing
 + Level 9.4 Dodging
 + Level 9.0 Stealth


You had 7 spell levels left.
You didn't know any spells.
Your spell library was empty.

Dungeon Overview and Level Annotations

Branches:
Dungeon (7/15)             Temple (1/1) D:4

Altars:
Ashenzari
Cheibriados
Dithmenos
Elyvilon
Gozag
Hepliaklqana
Makhleb
Nemelex Xobeh
Okawaru
Qazlal
Sif Muna
Trog
Uskayaw
Vehumet
Wu Jian
Yredelemnul
Zin
The Shining One

Annotations:
D:7 Joseph


Innate Abilities, Weirdness & Mutations

You are very small and have problems with some larger weapons.
You are too small for most types of armour.
You have supernaturally acute eyesight. (SInv)
You are a herbivore.
You cover ground extremely quickly.
You need to consume almost no food.


Message History

Aim: Joseph, wielding a +0 hunting sling, wearing a +1 leather armour of poison resistance and quivering 16 sling bullets (moderately wounded, extremely poisoned)
You reach to attack!
You hit Joseph.
Joseph looks as sick as possible!
Joseph is moderately wounded.
Joseph shoots a sling bullet.
The sling bullet hits you.
Attack whom?
Press: ? - help, Dir - move target cursor, f/p - Joseph
Aim: Joseph, wielding a +0 hunting sling, wearing a +1 leather armour of poison resistance and quivering 15 sling bullets (moderately wounded, extremely poisoned)
You reach to attack!
Joseph is moderately wounded.
Joseph shoots a sling bullet.
The sling bullet hits you!!
* * * LOW HITPOINT WARNING * * *
You see here a sling bullet.
As you read the scroll labeled VEBREPR NEBORO, it crumbles to dust.
Magic quickly surges around you.
It was a scroll of vulnerability.
Joseph shoots a sling bullet.
Things that are here:
a +0 giant club; an ogre corpse Joseph shoots a sling bullet.
Joseph shoots a sling bullet.
The sling bullet hits you!
You die...

.........#
#.....##...##.........
.........#
#.....##...##.........
.........#
#.....##...##....†..##
.........#
#.....#######.......##
.........# #.....#
#.#####.## #.....# #.# #.##
#.....# #.# #.## #.....# #.#
#.#
#.#########@#######.#####.##
#....@(()..((...............
###################.########
#.# #.# #.# #.########
#......... ##########


You could see Joseph (extremely poisoned, vulnerable).

Vanquished Creatures
  2 sky beasts (D:5)
  An ice beast (D:5)
  5 ogres
  A centaur (D:4)
  3 bullfrogs
  2 scorpions (D:6)
  7 wights
  A quasit (D:5)
  Crazy Yiuf (D:2)
  2 orc priests (D:6)
  An orc wizard (D:5)
  2 centaur skeletons (D:4)
  An iguana (D:6)
  Natasha (twice) (D:2)
  2 worker ants
  A hound zombie (D:6)
  A hound skeleton (D:4)
  A howler monkey zombie (D:6)
  A worker ant zombie (D:6)
  7 adders
  7 gnolls
  A white imp (D:7)
  An ufetubus (D:5)
  2 worms
  2 dart slugs
  4 leopard geckos
  8 orcs
  2 ball pythons
  A giant cockroach (D:4)
  3 hobgoblins
  5 kobolds
  A quokka (D:2)
  7 bats
  A frilled lizard (D:4)
  4 goblins
  A jackal zombie (D:6)
  5 rats
99 creatures vanquished.

Vanquished Creatures (others)
  Ijyb (D:4)
1 creature vanquished.

Grand Total: 100 creatures vanquished

Notes
Turn   | Place    | Note
-------+----------+-------------------------------------------
     0 | D:1      | Infinimo the Spriggan Gladiator began the quest for the
                  | Orb.
     0 | D:1      | Reached XP level 1. HP: 10/10 MP: 2/2
    71 | D:1      | Reached skill level 1 in Stealth
   222 | D:1      | Reached XP level 2. HP: 13/15 MP: 3/3
  1366 | D:2      | Reached XP level 3. HP: 2/18 MP: 4/4
  1407 | D:2      | Reached skill level 5 in Dodging
  1734 | D:2      | Noticed Natasha
  1752 | D:2      | Killed Natasha
  1752 | D:2      | Reached XP level 4. HP: 23/23 MP: 5/5
  1820 | D:2      | Found a bloodstained altar of Trog.
  2095 | D:2      | Found a runed translucent door.
  2096 | D:2      | Noticed Crazy Yiuf
  2361 | D:2      | Killed Crazy Yiuf
  2557 | D:3      | Found a shimmering blue altar of Sif Muna.
  2670 | D:3      | Reached XP level 5. HP: 27/27 MP: 6/6
  3201 | D:4      | Noticed an ogre
  3205 | D:4      | Found a burning altar of Makhleb.
  3217 | D:4      | Killed an ogre
  3217 | D:4      | Reached XP level 6. HP: 32/32 MP: 7/7
  3307 | D:4      | Noticed Ijyb
  3544 | D:4      | Reached skill level 5 in Stealth
  3849 | D:4      | Killed Ijyb
  4028 | D:2      | Noticed Natasha
  4035 | D:2      | Killed Natasha
  4405 | D:4      | Found a staircase to the Ecumenical Temple.
  4416 | D:4      | Reached skill level 5 in Short Blades
  4425 | Temple   | Entered the Ecumenical Temple
  4561 | Temple   | Became a worshipper of Dithmenos the Shadowed
  4682 | D:4      | Reached XP level 7. HP: 36/36 MP: 8/8
  4923 | D:5      | Entered Level 5 of the Dungeon
  4979 | D:5      | Noticed a +0 hand axe
  4980 | D:5      | Found a hide-covered altar of Uskayaw.
  4980 | D:5      | Noticed a +0 hand axe
  5434 | D:5      | Found a snail-covered altar of Cheibriados.
  5440 | D:5      | Found a sparkling altar of Nemelex Xobeh.
  5914 | D:5      | Got a masterwork dagger
  5915 | D:5      | Identified the cursed +1 dagger of World Downfall {vorpal,
                  | rF+ Str+4 Int-3 SInv} (You found it on level 5 of the
                  | Dungeon)
  6115 | D:6      | Reached XP level 8. HP: 42/42 MP: 9/9
  7080 | D:6      | HP: 1/42 [orc priest/divine providence (13)]
  7472 | D:6      | Reached * piety under Dithmenos
  7574 | D:6      | Found a glowing silver altar of Zin.
  7807 | D:6      | Found an opulent altar of Gozag.
  8167 | D:7      | Reached skill level 5 in Fighting
  8599 | D:7      | Noticed Joseph
  8626 | D:7      | Shot with a sling bullet by Joseph

Illustrated notes

Levels and vault maps discovered:
D:1:      minmay_arrival_plants_in_alcoves, layout_loops_cross
D:2:      layout_loops_corners, lemuel_crystal_altar, hangedman_decor_opposing,
          uniq_crazy_yiuf_cottage, uniq_natasha
D:3:      layout_basic, old_standard_altar
D:4:      layout_loops_ring, lemuel_crystal_altar,
          minmay_temple_entry_large_hall, first_ration, uniq_ijyb
D:5:      layout_loops_cross, dancing_weapons_uskayaw,
          nemelex_xobeh_ov_fountains_minmay, kennysheep_slug_shrine,
          minmay_circle_x
D:6:      layout_rooms, lemuel_doored_altar, kennysheep_mini
D:7:      layout_basic, uniq_maggie, uniq_joseph
Temple:   eino_temple_lava

Skill      XL: |  1  2  3  4  5  6  7  8 |
---------------+-------------------------+-----
Stealth        | 1 2 3 4 5 7 9 |  9.0
Fighting       | 2 3 4 5 |  5.0
Dodging        | 5 6 7 9 |  9.4
Short Blades   | 4 5 6 7 |  7.1
Throwing       | |  2.0

Action                   |  1- 3 |  4- 6 |  7- 9 || total
-------------------------+-------+-------+-------++-------
Melee: Rapier            |    33 |    33 |   100 ||   166
       Spear             |     4 |    97 |   205 ||   306
Throw: Dart              |    13 |       |     1 ||    14
       Throwing net      |     1 |       |       ||     1
  Use: Scroll            |     4 |     4 |     3 ||    11
       Potion            |     4 |       |     2 ||     6
 Stab: Sleeping          |     7 |     5 |     7 ||    19
       Distracted        |     1 |       |     2 ||     3
  Eat: Ration            |       |     1 |     1 ||     2
Armor: Robe              |     3 |     2 |     5 ||    10
Dodge: Dodged            |    32 |    75 |   243 ||   350

Table legend:
 A = Non-vault XP
 B = Vault XP
 C = Vault XP percentage of total XP
 D = Non-vault monster count
 E = Vault monster count
 F = Vault count percentage of total count
                 A         B        C        D         E       F
            +---------+---------+-------+---------+---------+-------
      Total |    2465 |     278 |  10.1 |      92 |       8 |   8.0
            +---------+---------+-------+---------+---------+-------
        D:1 |      22 |       0 |   0.0 |      14 |       0 |   0.0
        D:2 |     100 |      75 |  42.9 |      11 |       2 |  15.4
        D:3 |      64 |       0 |   0.0 |      14 |       0 |   0.0
        D:4 |     523 |       1 |   0.2 |      14 |       1 |   6.7
        D:5 |     745 |     202 |  21.3 |      10 |       5 |  33.3
        D:6 |     807 |       0 |   0.0 |      26 |       0 |   0.0
        D:7 |     204 |       0 |   0.0 |       3 |       0 |   0.0
            +---------+---------+-------+---------+---------+-------
